 Dungeon Crawl Stone Soup version 0.30-a0-711-gf4ac18a38d (webtiles) character file.

Game seed: 16434000214461764622

21 Pooter the Thaumaturge (level 2, -1/23 HPs)
             Began as a Gnoll Wanderer on Jan 22, 2023.
             Slain by a worm (5 damage)
             ... on level 2 of the Dungeon.
             The game lasted 00:06:36 (1201 turns).

Pooter the Thaumaturge (Gnoll Wanderer)             Turns: 1201, Time: 00:06:37

Health: -1/23      AC:  5    Str:  8    XL:     2   Next: 87%
Magic:  12/12      EV: 10    Int: 16    God:
Gold:   28         SH:  0    Dex:  9    Spells: 14/19 levels left

rFire   . . .      SeeInvis +    i - +0 spear
rCold   . . .      Faith    .    (no shield)
rNeg    . . .      Spirit   .    c - +0 ring mail
rPois   .          Reflect  .    (no helmet)
rElec   .          Harm     .    (no cloak)
rCorr   .          Rampage  .    (no gloves)
Will    .....                    (no boots)
Stlth   +                        (no amulet)
HPRegen 0.23/turn                S - ring of see invisible
MPRegen 0.13/turn                (no ring)

@: no status effects
A: fangs 1, strong nose, distributed training
a: no special abilities


You were on level 2 of the Dungeon.
You visited 1 branch of the dungeon, and saw 2 of its levels.

You collected 28 gold pieces.

Inventory:

Hand Weapons
 a - a +0 hand axe
   (You found it on level 1 of the Dungeon)
 f - a +0 whip
   (You found it on level 1 of the Dungeon)
 g - a +0 dagger
 i - a +0 spear (weapon)
   (You found it on level 1 of the Dungeon)
Missiles
 Q - 26 stones (quivered)
Armour
 c - a +0 ring mail (worn)
Jewellery
 S - a ring of see invisible (left hand)
   (You found it on level 1 of the Dungeon)
Scrolls
 d - a scroll of fog {unknown}
 h - a scroll of enchant weapon {unknown}
 t - a scroll of teleportation {@r4}
Potions
 b - 4 potions of curing {@q1}


   Skills:
 + Level 2.5 Fighting
 + Level 0.5 Short Blades
 + Level 0.5 Long Blades
 + Level 0.5 Axes
 + Level 0.5 Maces & Flails
 + Level 0.5 Polearms
 + Level 0.5 Staves
 + Level 0.5 Ranged Weapons
 + Level 0.5 Throwing
 + Level 2.5 Armour
 + Level 2.5 Dodging
 + Level 0.5 Stealth
 + Level 0.5 Shields
 + Level 0.5 Unarmed Combat
 + Level 9.3 Spellcasting
 + Level 0.4 Conjurations
 + Level 0.4 Hexes
 + Level 0.4 Summonings
 + Level 3.7 Necromancy
 + Level 0.4 Translocations
 + Level 0.4 Transmutations
 + Level 0.4 Fire Magic
 + Level 0.4 Ice Magic
 + Level 0.4 Air Magic
 + Level 0.4 Earth Magic
 + Level 0.4 Poison Magic
 + Level 0.7 Invocations
 + Level 0.5 Evocations


You had 14 spell levels left.
You knew the following spells:

 Your Spells              Type           Power      Damage    Failure   Level
a - Beastly Appendage     Tmut           16%        N/A       24%         1
b - Slow                  Hex            32%        N/A       24%         1
c - Kiss of Death         Conj/Necr      56%        2d9       12%         1
d - Sublimation of Blood  Necr           19%        N/A       10%         2

Your spell library contained the following spells:

 Spells                   Type           Power      Damage    Failure   Level
 Vampiric Draining        Necr           19%        2d7       19%         3
 Confusing Touch          Hex            8%         N/A       58%         3
 Anguish                  Hex/Necr       7%         N/A       77%         4
 Enfeeble                 Hex            4%         N/A       100%        7


Dungeon Overview and Level Annotations

Branches:
Dungeon (2/15)

Altars:


Innate Abilities, Weirdness & Mutations

You have very sharp teeth.
Your uncanny sense of smell can sniff out nearby items.
Your experience applies equally to all skills.


Message History

Q - 26 stones (gained 7)
You see here a +0 dagger.
A rat comes into view.
You hit the rat but do no damage. The rat completely misses you.
You hit the rat.
You kill the rat!
You see here a rat corpse.
There is a fountain of sparkling water here.
There is a fountain of clear blue water here.
Found a stone staircase leading down.
Found 16 gold pieces.
There is a stone staircase leading down here.
You now have 19 gold pieces (gained 16).
There is a fountain of clear blue water here.
Done exploring.
You see here a rat skeleton.
There is a stone staircase leading down here.
You climb downwards.
Found 9 gold pieces.
There is a stone staircase leading up here.
You now have 28 gold pieces (gained 9).
Found a whip.
A rat comes into view.
Found a leather armour.
You reach to attack!
You hit the rat.
You kill the rat!
Found a scroll labelled HONKUO GEPHISIMUHY.
e - 2 scrolls labelled HONKUO GEPHISIMUHY (gained 1)
As you read the scroll labelled HONKUO GEPHISIMUHY, it crumbles to dust.
You feel strangely unstable.
It was a scroll of teleportation.
t - a scroll of teleportation Unknown command.
Your surroundings suddenly seem different.
Found 11 gold pieces.
A worm comes into view.
Found a stone staircase leading up.
You reach to attack!
You hit the worm but do no damage. You hit the worm but do no damage.
You punch the worm, but do no damage. The worm barely misses you.
You hit the worm. You hit the worm. The worm barely misses you.
You hit the worm. The worm bites you!
You are too injured to fight recklessly!
You are too injured to fight recklessly!
You are too injured to fight recklessly!
You hit the worm. You hit the worm. The worm bites you!
* * * LOW HITPOINT WARNING * * *
You barely miss the worm. The worm bites you.
You die...

#...### #...... #......
###############.....
#....<..............
####......########.....
...........## #.....
#####..w...#..#####.##..
.....$.@................
#####...............###.
###......######.... #.
#.........# #.... #.
###.......# #... #.
.....###...# ∆#^ #####
#...# #. #...# ....
#...# ....#.


You could see a worm.

Vanquished Creatures
  4 ball pythons (D:1)
  3 endoplasms (D:1)
  A giant cockroach (D:1)
  2 hobgoblins (D:1)
  A kobold (D:1)
  A quokka (D:1)
  A bat (D:1)
  3 frilled lizards (D:1)
  A goblin (D:1)
  3 rats
20 creatures vanquished.

Notes
Turn   | Place    | Note
-------+----------+-------------------------------------------
     0 | D:1      | Reached skill level 9 in Spellcasting
     0 | D:1      | Pooter the Gnoll Wanderer began the quest for the Orb.
     0 | D:1      | Pooter set off with the following items: a +0 dagger, a
                  | potion of curing {@q1}, a +0 ring mail; and the following
                  | spells available to memorise: Sublimation of Blood, Kiss of
                  | Death, Vampiric Draining, Beastly Appendage, Slow,
                  | Confusing Touch.
     0 | D:1      | Reached XP level 1. HP: 17/17 MP: 10/10
     2 | D:1      | Learned a level 1 spell: Beastly Appendage
     4 | D:1      | Learned a level 1 spell: Slow
     6 | D:1      | Learned a level 1 spell: Kiss of Death
   382 | D:1      | Reached XP level 2. HP: 17/23 MP: 12/12
   414 | D:1      | Learned a level 2 spell: Sublimation of Blood
   693 | D:1      | Found a faded altar of an unknown god.
  1201 | D:2      | Slain by a worm

Illustrated notes

Levels and vault maps discovered:
D:1:      dpeg_arrival_circle_labyrinth_c, layout_loops_ring,
          shapermc_ecumenical_altar_mp_vishouse, hangedman_abyss_or_decor_stabs,
          grunt_decor_mini_mirrors, roderic_malta_cross, minivault_26
D:2:      layout_basic, lemuel_flame_loot_1

Skill      XL: | |
---------------+-+-----
Spellcasting   | |  9.3
Fighting       | |  2.5
Short Blades   | |  0.5
Long Blades    | |  0.5
Axes           | |  0.5
Maces & Flails | |  0.5
Polearms       | |  0.5
Staves         | |  0.5
Ranged Weapons | |  0.5
Throwing       | |  0.5
Armour         | |  2.5
Dodging        | |  2.5
Stealth        | |  0.5
Shields        | |  0.5
Unarmed Combat | |  0.5
Conjurations   | |  0.4
Hexes          | |  0.4
Summonings     | |  0.4
Necromancy     | |  3.7
Translocations | |  0.4
Transmutations | |  0.4
Fire Magic     | |  0.4
Ice Magic      | |  0.4
Air Magic      | |  0.4
Earth Magic    | |  0.4
Poison Magic   | |  0.4
Invocations    | |  0.7
Evocations     | |  0.5

Action                     || total
---------------------------++-------
  Melee: Dagger            ||    23
         Hand axe          ||    44
         Bite              ||     5
         Spear             ||    12
         Punch             ||     1
  Throw: Stone             ||     3
    Use: Scroll            ||     1
 Armour: Ring mail         ||    32
  Dodge: Dodged            ||    48

Table legend: (Time is in decaauts)
 A = Elapsed time spent in this place.
 B = Non-inter-level travel time spent in this place.
 C = Inter-level travel time spent in this place.
 D = Time resting spent in this place.
 E = Time spent auto-exploring this place.
 F = Levels seen in this place.
 G = Mean time per level.
                   A        B        C        D        E       F      G
               +--------+--------+--------+--------+--------+-----+--------+
         Total |   1213 |   1159 |     54 |     56 |    890 |   2 |  606.5 |
       Dungeon |   1213 |   1159 |     54 |     56 |    890 |   2 |  606.5 |
               +--------+--------+--------+--------+--------+-----+--------+

Top non-repeatable levels by time:
     D:1: 1176 daAuts
     D:2: 36 daAuts
